 Dungeon Crawl Stone Soup version 0.29-a0-356-g7bc237e783 (webtiles) character file.

Game seed: 14503630622111653896

18 HendSelp the Shield-Bearer (level 2, 0/24 HPs)
             Began as a Formicid Fighter on Apr 26, 2022.
             Slain by Natasha (1 damage)
             ... on level 2 of the Dungeon.
             The game lasted 00:01:04 (1176 turns).

HendSelp the Shield-Bearer (Formicid Fighter)       Turns: 1176, Time: 00:01:04

Health: 0/24       AC:  9    Str: 20    XL:     2   Next: 85%
Magic:  2/2        EV:  9    Int:  7    God:
Gold:   86         SH:  4    Dex: 10    Spells: 1/1 levels left

rFire   . . .      SeeInvis +   a - +0 flail
rCold   . . .      Faith    .   c - +0 buckler
rNeg    + . .      Spirit   .   b - +0 scale mail
rPois   .          Reflect  .   (helmet unavailable)
rElec   .          Harm     .   (no cloak)
rCorr   .          Rampage  .   j - +1 pair of gloves
Will    .....                   (no boots)
Stlth   ..........              (no amulet)
HPRegen 0.08/turn               e - ring of positive energy
MPRegen 0.08/turn               (no ring)

@: no status effects
A: permanent stasis, dig shafts and tunnels, antennae 3, four strong arms
a: Dig, Shaft Self


You were on level 2 of the Dungeon.
You visited 1 branch of the dungeon, and saw 2 of its levels.

You collected 86 gold pieces.

Inventory:

Hand Weapons
 a - a +0 flail (weapon)
Armour
 b - a +0 scale mail (worn)
 c - a +0 buckler (worn)
 j - a +1 pair of gloves (worn)
Jewellery
 e - a ring of positive energy (left hand)
Scrolls
 g - a scroll of identify {unknown}
 i - a scroll of enchant armour
Potions
 d - a potion of might
 f - a potion of attraction {unknown}
 h - a potion of heal wounds {unknown}
 k - a potion of degeneration {unknown}


   Skills:
 + Level 3.6 Fighting
 + Level 2.2 Maces & Flails
 + Level 3.6 Armour
 + Level 3.9 Shields


You had one spell level left.
You didn't know any spells.
Your spell library contained the following spells:

 Spells                   Type           Power      Damage    Failure   Level
 Frozen Ramparts          Ice            0%         1d2       99%         3
 Ice Form                 Ice/Tmut       0%         N/A       100%        4
 Summon Ice Beast         Ice/Summ       0%         N/A       100%        4


Dungeon Overview and Level Annotations

Branches:
Dungeon (2/15)

Altars:

Annotations:
D:2 Natasha


Innate Abilities, Weirdness & Mutations

You cannot be hasted, slowed, berserked, paralysed or teleported.
You can dig through walls and to a lower floor.
You have a pair of large antennae on your head. (SInv)
Your four strong arms can wield two-handed weapons with a shield.


Message History

Natasha is moderately wounded.
Natasha stares at you and mumbles some strange words.
The magic dart hits you.
Natasha is nearby!
Natasha is nearby!
You are too injured to fight recklessly!
You are too injured to fight recklessly!
Natasha is nearby!
Unknown command.
You are too injured to fight recklessly!
You are too injured to fight recklessly!
You closely miss Natasha.
Natasha is moderately wounded.
Natasha claws you.
* * * LOW HITPOINT WARNING * * *
You hit Natasha.
Natasha is heavily wounded.
Natasha stares at you and mumbles some strange words.
You resist with significant effort.
Unknown command.
Unknown command.
You barely miss Natasha.
Natasha is heavily wounded.
Natasha closely misses you. Natasha claws you.
* * * LOW HITPOINT WARNING * * *
Unknown command.
Unknown command.
You hit Natasha but do no damage.
Natasha is heavily wounded.
Natasha casts a spell at you.
Your stasis prevents you from being slowed.
Unknown command.
Unknown command.
Unknown command.
Unknown command.
Unknown command.
You hit Natasha but do no damage.
Natasha is heavily wounded.
Natasha claws you.
You die...

.. ## #.# ...
####. #.# .....
#.# ##... ... #.#
{ #h#####.#
#######@......#
#...........###
#.#####.###.#
######## #.# #.# #
.......###.#####.#
######...........#
#####.####### #.#
#.#


You could see Natasha.

Vanquished Creatures
  4 ball pythons
  2 endoplasms (D:1)
  2 giant cockroaches (D:1)
  A goblin (D:1)
  2 quokkas
  A bat (D:2)
  2 frilled lizards (D:1)
  A kobold (D:2)
  A rat (D:1)
16 creatures vanquished.

Notes
Turn   | Place    | Note
-------+----------+-------------------------------------------
     0 | D:1      | HendSelp the Formicid Fighter began the quest for the Orb.
     0 | D:1      | Reached XP level 1. HP: 18/18 MP: 1/1
   281 | D:1      | Reached XP level 2. HP: 17/24 MP: 2/2
   926 | D:2      | Found a faded altar of an unknown god.
  1167 | D:2      | Noticed Natasha
  1174 | D:2      | HP: 1/24 [Natasha (4)]
  1176 | D:2      | Slain by Natasha

Illustrated notes

Levels and vault maps discovered:
D:1:      minmay_arrival_four_houses, layout_loops_corners
D:2:      layout_loops_ring, ebering_ecumenical_altar_webs, kennysheep_potato,
          uniq_natasha

Action                   || total
-------------------------++-------
Melee: Flail             ||    72
  Use: Scroll            ||     3
Armor: Scale mail        ||    27
Dodge: Dodged            ||    46
Block: Buckler           ||     8

Table legend: (Time is in decaauts)
 A = Elapsed time spent in this place.
 B = Non-inter-level travel time spent in this place.
 C = Inter-level travel time spent in this place.
 D = Time resting spent in this place.
 E = Time spent auto-exploring this place.
 F = Levels seen in this place.
 G = Mean time per level.
                   A        B        C        D        E       F      G
               +--------+--------+--------+--------+--------+-----+--------+
         Total |   1198 |   1168 |     30 |      0 |    978 |   2 |  599.0 |
       Dungeon |   1198 |   1168 |     30 |      0 |    978 |   2 |  599.0 |
               +--------+--------+--------+--------+--------+-----+--------+

Top non-repeatable levels by time:
     D:1: 906 daAuts
     D:2: 291 daAuts
